Construct Infanterie Kompanie
Selects Terror Battlegroup
Selects Machine Gun Camouflage
Construct Luftwaffe Kompanie
Construct Panzergrenadier Kompanie
Infanterie Officer Quarters
Selects Propaganda Leaflet Drop
Pak 40 Anti-tank Gun Team
Marder III M Tank Destroyer
Pak 40 Anti-tank Gun Team
Construct Panzer Kompanie
Pak 40 Anti-tank Gun Team
Selects King Tiger Heavy Tank
Pak 40 Anti-tank Gun Team
Pak 40 Anti-tank Gun Team